 Dungeon Crawl Stone Soup version 0.25.1-2-g60ff931df9 (webtiles) character file.

Game seed: 8303100593652877763

1283 Curus the Spear-Bearer (level 8, -6/66 HPs)
             Began as a Minotaur Monk on Sept 22, 2020.
             Mangled by Prince Ribbit (10 damage)
             ... on level 5 of the Dungeon.
             The game lasted 00:15:57 (5275 turns).

Curus the Spear-Bearer (Minotaur Monk)              Turns: 5275, Time: 00:15:57

Health: -6/66      AC: 13    Str: 16    XL:     8   Next: 29%
Magic:  7/7        EV:  8    Int:  7    God:
Gold:   245        SH:  0    Dex: 15    Spells: 7/7 levels left

rFire    . . .     SeeInvis .   a - +0 spear
rCold    + . .     Gourm    .   (no shield)
rNeg     . . .     Faith    .   o - +0 chain mail
rPois    .         Spirit   .   (helmet restricted)
rElec    .         Reflect  .   i - +1 cloak
rCorr    .         Harm     .   (no gloves)
MR       .....                  k - +2 pair of boots
Stlth    ..........             (no amulet)
HPRegen  0.21/turn              j - ring of protection from cold
MPRegen  0.10/turn              (no ring)

@: no status effects
A: retaliatory headbutt, horns 2
a: no special abilities


You were on level 5 of the Dungeon.
You were not hungry.

You visited 1 branch of the dungeon, and saw 5 of its levels.

You collected 245 gold pieces.

Inventory:

Hand Weapons
 a - a +0 spear (weapon)
Armour
 b - a +0 robe
 d - a +0 scale mail
 e - a +0 pair of boots
 i - a +1 cloak (worn)
 k - a +2 pair of boots (worn)
 o - a +0 chain mail (worn)
Jewellery
 j - a ring of protection from cold (left hand)
Scrolls
 f - 2 scrolls of teleportation
 g - 2 scrolls of amnesia
 l - a scroll of remove curse
 m - 2 scrolls of identify
Potions
 h - 3 potions of curing
 p - a potion of cancellation
Comestibles
 c - 6 rations


   Skills:
 + Level 4.1 Fighting
 - Level 12.0 Polearms
 + Level 1.4 Armour
 - Level 3.2 Dodging
 - Level 1.5 Stealth


You had 7 spell levels left.
You didn't know any spells.
Your spell library was empty.

Dungeon Overview and Level Annotations

Branches:
Dungeon (5/15)
 Temple: D:4-7

Altars:
Hepliaklqana

Annotations:
D:5 Prince Ribbit


Innate Abilities, Weirdness & Mutations

You reflexively headbutt those who attack you in melee.
You have a pair of horns on your head.


Message History

You hit the worker ant. You headbutt the worker ant.
You kill the worker ant!
Attack whom?
Press: ? - help, Dir - move target cursor, f - Prince Ribbit
Aim: Prince Ribbit You reach to attack!
You miss Prince Ribbit. You miss Prince Ribbit. Prince Ribbit hits you!
* * * LOW HITPOINT WARNING * * *
You feel much better.
Prince Ribbit lets out a mournful croak.
Prince Ribbit hits you.
* * * LOW HITPOINT WARNING * * *
You miss Prince Ribbit. Prince Ribbit hits you!
* * * LOW HITPOINT WARNING * * *
Prince Ribbit blinks!
Prince Ribbit blinks!
Prince Ribbit hits you.
* * * LOW HITPOINT WARNING * * *
Prince Ribbit hits you!
You die...

......... .........
......... #))# #.[#
...# ...#
########### ..>#
#......F..# ...#
#.######@## ...#
#.#<......# ...#
#.#########
...######F#.......#
...F......#.####.##
...########.# #>#
...########.####.#
...#........#....#
...#.########.####


You could see Prince Ribbit.

Vanquished Creatures
  Grinder (D:4)
  Sigmund (D:4)
  2 phantoms
  An ogre (D:4)
  A vampire bat (D:3)
  2 crimson imps (D:5)
  3 orc priests
  A centaur skeleton (D:3)
  A hound (D:4)
  Jessica (D:3)
  4 worker ants
  2 orc wizards (D:4)
  7 adders
  3 worms
  2 dart slugs
  3 fire bats (D:3)
  A leopard gecko (D:2)
  11 orcs
  2 spectral bats (D:3)
  3 bat skeletons (D:3)
  A bat zombie (D:3)
  8 goblins
  9 hobgoblins
  7 jackals
  9 kobolds
  A quokka (D:4)
  A ball python (D:4)
  19 bats
  A bat simulacrum (D:3)
  3 frilled lizards
  4 rats
115 creatures vanquished.

Notes
Turn   | Place    | Note
-------+----------+-------------------------------------------
     0 | D:1      | Curus the Minotaur Monk began the quest for the Orb.
     0 | D:1      | Reached XP level 1. HP: 19/19 MP: 0/0
   174 | D:1      | Reached skill level 4 in Polearms
   276 | D:1      | Reached XP level 2. HP: 26/26 MP: 1/1
   991 | D:2      | Reached skill level 5 in Polearms
  1018 | D:2      | Reached XP level 3. HP: 25/31 MP: 2/2
  1363 | D:2      | Found a hazy altar of Hepliaklqana.
  1884 | D:3      | Noticed Jessica
  1891 | D:3      | Killed Jessica
  1891 | D:3      | Reached skill level 6 in Polearms
  1891 | D:3      | Reached XP level 4. HP: 22/39 MP: 3/3
  2137 | D:3      | Reached XP level 5. HP: 45/45 MP: 4/4
  2191 | D:3      | Reached skill level 7 in Polearms
  2596 | D:3      | Reached skill level 8 in Polearms
  2596 | D:3      | Reached XP level 6. HP: 49/51 MP: 5/5
  2789 | D:4      | Noticed Grinder
  2801 | D:4      | Paralysed by Grinder for 2 turns
  2826 | D:4      | Paralysed by Grinder for 3 turns
  2832 | D:4      | HP: 1/51 [Grinder (5)]
  3283 | D:4      | Reached skill level 9 in Polearms
  3324 | D:4      | Reached XP level 7. HP: 46/57 MP: 6/6
  3418 | D:4      | Killed Grinder
  3418 | D:4      | Reached skill level 10 in Polearms
  4221 | D:4      | Reached skill level 11 in Polearms
  4748 | D:5      | Entered Level 5 of the Dungeon
  4748 | D:5      | Noticed Sigmund
  4765 | D:4      | Killed Sigmund
  4765 | D:4      | Reached XP level 8. HP: 50/64 MP: 7/7
  4872 | D:5      | Noticed Prince Ribbit
  5216 | D:5      | Reached skill level 12 in Polearms
  5243 | D:5      | Reached skill level 1 in Armour
  5259 | D:5      | HP: 3/66 [Prince Ribbit (12)]
  5275 | D:5      | Mangled by Prince Ribbit

Illustrated notes

Levels and vault maps discovered:
D:1:      grunt_arrival_crossed_arrows, layout_basic, serial_glass,
          glass_columns_a, glass_columns_c, minmay_cupped
D:2:      layout_basic, nicolae_overflow_crystal_walls
D:3:      layout_basic, goddamned_bats, uniq_jessica
D:4:      layout_layer_cave, first_ration, serial_park_tiny_2, uniq_grinder
D:5:      layout_basic, lemuel_crystal_altar, uniq_sigmund, uniq_prince_ribbit1

Skill      XL: |  1  2  3  4  5  6  7  8 |
---------------+-------------------------+-----
Polearms       | 4 5 6 8 9 11 12 | 12.0
Fighting       | 4 |  4.1
Armour         | 1 |  1.4
Dodging        | |  3.2
Stealth        | |  1.5

Action                   |  1- 3 |  4- 6 |  7- 9 || total
-------------------------+-------+-------+-------++-------
Melee: Spear             |   118 |   217 |   197 ||   532
       Headbutt          |    14 |    38 |    41 ||    93
  Use: Scroll            |     6 |       |       ||     6
       Potion            |     6 |       |     1 ||     7
  Eat: Chunk             |     3 |     5 |     4 ||    12
       Ration            |       |       |     1 ||     1
Armor: Scale mail        |    40 |    83 |    16 ||   139
       Chain mail        |       |       |    35 ||    35
Dodge: Dodged            |    40 |    72 |    41 ||   153
